 Dungeon Crawl Stone Soup version 0.30-a0-777-ga9a30cbeda (webtiles) character file.

Game seed: 14027788341564359996

109 retardedninja the Shield-Bearer (level 4, -3/41 HPs)
             Began as a Gnoll Fighter on Feb 14, 2023.
             Succumbed to Terence's poison
             ... on level 3 of the Dungeon.
             The game lasted 00:02:38 (2174 turns).

retardedninja the Shield-Bearer (Gnoll Fighter)     Turns: 2174, Time: 00:02:38

Health: -3/41      AC: 11    Str: 18    XL:     4   Next: 89%
Magic:  5/5        EV:  7    Int:  7    God:
Gold:   75         SH:  5    Dex: 11    Spells: 5/5 levels left

rFire   + . .      SeeInvis .    a - +0 war axe
rCold   + . .      Faith    .    c - +0 buckler
rNeg    . . .      Spirit   .    l - +0 chain mail
rPois   +          Reflect  .    (no helmet)
rElec   +          Harm     .    b - +0 cloak {Will+}
rCorr   +          Rampage  .    (no gloves)
Will    +....                    (no boots) Stlth
                                 (no amulet)
HPRegen 0.26/turn                (no ring)
MPRegen 0.09/turn                (no ring)

@: lethally poisoned (-3 -> -37), resistant
A: fangs 1, strong nose, distributed training
a: no special abilities


You were on level 3 of the Dungeon.
You visited 1 branch of the dungeon, and saw 3 of its levels.

You collected 75 gold pieces.

Inventory:

Hand Weapons
 a - a +0 war axe (weapon)
Missiles
 n - a poisoned dart (quivered)
Armour
 b - a +0 cloak of willpower (worn)
 c - a +0 buckler (worn)
 l - a +0 chain mail (worn)
Scrolls
 f - a scroll of magic mapping {unknown}
 g - a scroll of immolation {unknown}
 i - 2 scrolls of identify {unknown}
 k - a scroll of brand weapon {unknown}
 o - a scroll of fog {unknown}
Potions
 d - a potion of might
 e - a potion of brilliance {unknown}
 h - a potion of degeneration {unknown}
 m - a potion of curing {unknown}
 p - a potion of ambrosia
 q - a potion of heal wounds {unknown}
 r - a potion of haste {unknown}


   Skills:
 + Level 6.6 Fighting
 + Level 1.3 Short Blades
 + Level 1.3 Long Blades
 + Level 4.7 Axes
 + Level 1.3 Maces & Flails
 + Level 1.3 Polearms
 + Level 1.3 Staves
 + Level 1.3 Ranged Weapons
 + Level 1.3 Throwing
 + Level 6.6 Armour
 + Level 1.3 Dodging
 + Level 1.3 Stealth
 + Level 6.6 Shields
 + Level 1.3 Unarmed Combat
 + Level 1.3 Spellcasting
 + Level 1.0 Conjurations
 + Level 1.0 Hexes
 + Level 1.0 Summonings
 + Level 1.0 Necromancy
 + Level 1.0 Translocations
 + Level 1.0 Transmutations
 + Level 1.0 Fire Magic
 + Level 1.0 Ice Magic
 + Level 1.0 Air Magic
 + Level 1.0 Earth Magic
 + Level 1.0 Poison Magic
 + Level 1.4 Invocations
 + Level 1.3 Evocations


You had 5 spell levels left.
You didn't know any spells.
Your spell library contained the following spells:

 Spells                   Type           Power      Damage    Failure   Level
 Slow                     Hex            4%         N/A       98%         1
 Confusing Touch          Hex            1%         N/A       100%        3
 Gell's Gravitas          Tloc           1%         N/A       100%        3
 Hailstorm                Conj/Ice       1%         3d3       100%        3
 Teleport Other           Tloc           1%         N/A       100%        3
 Vampiric Draining        Necr           1%         2d6       100%        3
 Ice Form                 Ice/Tmut       1%         N/A       100%        4
 Dispersal                Tloc           0%         N/A       100%        6
 Simulacrum               Ice/Necr       0%         N/A       100%        6


Dungeon Overview and Level Annotations

Branches:
Dungeon (3/15)

Altars:
Trog

Annotations:
D:3 Terence


Innate Abilities, Weirdness & Mutations

You have very sharp teeth.
Your uncanny sense of smell can sniff out nearby items.
Your experience applies equally to all skills.


Message History

You feel sick.
The jackal barks!
Terence hits you but does no damage.
You are more poisoned.
It was a potion of ambrosia.
You are confused.
You feel invigorated.
You feel very sick.
Terence hits you with a +2 trident of venom.
You bump into the rock wall.
You feel very sick. Terence barely misses you.
You closely miss Terence. You bite Terence, but do no damage.
You feel sick.
Terence hits you with a +2 trident of venom.
You hit Terence but do no damage. Your bite misses Terence.
You feel less invigorated.
You feel less confused.
You feel sick. Terence hits you but does no damage.
You are more poisoned.
A frilled lizard comes into view.
You barely miss Terence.
You feel very sick.
The frilled lizard hisses angrily.
Terence hits you with a +2 trident of venom.
You are more poisoned.
You slash Terence! You bite Terence, but do no damage.
Terence is heavily wounded.
You feel very sick. Terence hits you but does no damage.
Terence hits you with a +2 trident of venom!
You are more poisoned.
You closely miss Terence.
Terence is heavily wounded.
* * * LOW HITPOINT WARNING * * *
You feel extremely sick. Terence hits you but does no damage.
You are more poisoned.
It was a potion of resistance.
You feel protected.
You die...

## .# .#####
##......
#l####.......
#h@@..#
#.####.# #...#
#.#.# #.#.# #.
#.#.##
#..##...)###.#
#......#.....#
##.##....#####


You could see Terence, a jackal and a frilled lizard.

Vanquished Creatures
  A gnoll (D:2)
  2 adders
  3 worms (D:2)
  2 dart slugs
  11 endoplasms
  5 giant cockroaches
  5 hobgoblins (D:1)
  A jackal (D:3)
  2 quokkas (D:1)
  6 ball pythons
  4 bats
  4 frilled lizards
  5 goblins
  10 kobolds
  6 rats
67 creatures vanquished.

Vanquished Creatures (others)
  6 plants (D:1)
6 creatures vanquished.

Grand Total: 73 creatures vanquished

Notes
Turn   | Place    | Note
-------+----------+-------------------------------------------
     0 | D:1      | retardedninja the Gnoll Fighter began the quest for the
                  | Orb.
     0 | D:1      | Reached XP level 1. HP: 23/23 MP: 1/1
    70 | D:1      | Reached XP level 2. HP: 26/29 MP: 2/2
   334 | D:1      | Reached XP level 3. HP: 35/35 MP: 3/3
   547 | D:1      | Reached skill level 1 in Invocations
   935 | D:2      | Reached skill level 1 in Short Blades
   935 | D:2      | Reached skill level 1 in Long Blades
   935 | D:2      | Reached skill level 1 in Maces & Flails
   935 | D:2      | Reached skill level 1 in Polearms
   935 | D:2      | Reached skill level 1 in Staves
   935 | D:2      | Reached skill level 1 in Ranged Weapons
   935 | D:2      | Reached skill level 1 in Throwing
   935 | D:2      | Reached skill level 1 in Dodging
   935 | D:2      | Reached skill level 1 in Stealth
   935 | D:2      | Reached skill level 1 in Unarmed Combat
   935 | D:2      | Reached skill level 1 in Spellcasting
   935 | D:2      | Reached skill level 1 in Evocations
  1162 | D:2      | Reached XP level 4. HP: 41/41 MP: 5/5
  1303 | D:2      | Found a bloodstained altar of Trog.
  1340 | D:2      | Reached skill level 1 in Conjurations
  1340 | D:2      | Reached skill level 1 in Hexes
  1340 | D:2      | Reached skill level 1 in Summonings
  1340 | D:2      | Reached skill level 1 in Necromancy
  1340 | D:2      | Reached skill level 1 in Translocations
  1340 | D:2      | Reached skill level 1 in Transmutations
  1340 | D:2      | Reached skill level 1 in Fire Magic
  1340 | D:2      | Reached skill level 1 in Ice Magic
  1340 | D:2      | Reached skill level 1 in Air Magic
  1340 | D:2      | Reached skill level 1 in Earth Magic
  1340 | D:2      | Reached skill level 1 in Poison Magic
  2163 | D:3      | Noticed Terence
  2174 | D:3      | Succumbed to Terence's poison

Illustrated notes

Levels and vault maps discovered:
D:1:      dpeg_arrival_rooms_b, layout_loops_ring, lexackson_kobold_supper
D:2:      minmay_skewed_foursquare, layout_basic, basic_altar,
          minmay_misc_feat_nine_boxes, minmay_tree_intersection
D:3:      layout_loops_ring, uniq_terence

Skill      XL: |  1  2  3  4 |
---------------+-------------+-----
Invocations    | 1 |  1.4
Short Blades   | 1 |  1.3
Long Blades    | 1 |  1.3
Maces & Flails | 1 |  1.3
Polearms       | 1 |  1.3
Staves         | 1 |  1.3
Ranged Weapons | 1 |  1.3
Throwing       | 1 |  1.3
Dodging        | 1 |  1.3
Stealth        | 1 |  1.3
Unarmed Combat | 1 |  1.3
Spellcasting   | 1 |  1.3
Evocations     | 1 |  1.3
Conjurations   | 1 |  1.0
Hexes          | 1 |  1.0
Summonings     | 1 |  1.0
Necromancy     | 1 |  1.0
Translocations | 1 |  1.0
Transmutations | 1 |  1.0
Fire Magic     | 1 |  1.0
Ice Magic      | 1 |  1.0
Air Magic      | 1 |  1.0
Earth Magic    | 1 |  1.0
Poison Magic   | 1 |  1.0
Fighting       | |  6.6
Axes           | |  4.7
Armour         | |  6.6
Shields        | |  6.6

Action                     |  1- 3 |  4- 6 || total
---------------------------+-------+-------++-------
  Melee: War axe           |    93 |    56 ||   149
         Bite              |     6 |     7 ||    13
  Throw: Dart              |       |    17 ||    17
    Use: Potion            |       |     2 ||     2
 Armour: Scale mail        |    41 |       ||    41
         Chain mail        |       |    31 ||    31
  Dodge: Dodged            |    37 |    16 ||    53
  Block: Buckler           |    19 |    18 ||    37

Table legend: (Time is in decaauts)
 A = Elapsed time spent in this place.
 B = Non-inter-level travel time spent in this place.
 C = Inter-level travel time spent in this place.
 D = Time resting spent in this place.
 E = Time spent auto-exploring this place.
 F = Levels seen in this place.
 G = Mean time per level.
                   A        B        C        D        E       F      G
               +--------+--------+--------+--------+--------+-----+--------+
         Total |   2218 |   2086 |    132 |      0 |   1678 |   3 |  739.3 |
       Dungeon |   2218 |   2086 |    132 |      0 |   1678 |   3 |  739.3 |
               +--------+--------+--------+--------+--------+-----+--------+

Top non-repeatable levels by time:
     D:2: 1088 daAuts
     D:1: 936 daAuts
     D:3: 193 daAuts
